 Dungeon Crawl Stone Soup version 0.21.1-1-g345015f (webtiles) character file.

107 tidbits the Charmwright (level 4, -1/38 HPs)
             Began as a Gnoll Skald on June 22, 2018.
             Killed from afar by an orc wizard (7 damage)
             ... with a puff of frost
             ... on level 4 of the Dungeon.
             The game lasted 00:03:24 (327 turns).

tidbits the Charmwright (Gnoll Skald)                Turns: 327, Time: 00:03:25

Health: -1/38      AC:  3    Str: 13    XL:     4   Next: 86%
Magic:  7/11       EV: 14    Int: 16    God:
Gold:   39         SH:  0    Dex: 15    Spells: 2/13 levels left

rFire    . . .     SeeInvis .   a - +0 hand axe
rCold    . . .     Gourm    .   (no shield)
rNeg     . . .     Faith    +   b - +0 leather armour
rPois    .         Spirit   .   (no helmet)
rElec    .         Reflect  .   (no cloak)
rCorr    .         Harm     .   (no gloves)
MR       .....                  (no boots)
Stlth    +.........             e - amulet of faith
HPRegen  0.12/turn              i - ring of loudness (curse)
MPRegen  0.12/turn              (no ring)

@: singing
A: distributed training, fangs 1, strong nose
a: no special abilities


You were on level 4 of the Dungeon.
You were not hungry.

You visited 1 branch of the dungeon, and saw 4 of its levels.

You collected 39 gold pieces.

Inventory:

Hand Weapons
 a - a +0 hand axe (weapon)
 f - a +0 dagger
Armour
 b - a +0 leather armour (worn)
 h - a +0 ring mail
Jewellery
 e - an amulet of faith (around neck)
   (You found it on level 1 of the Dungeon)
 i - a cursed ring of loudness (left hand)
   (You found it on level 1 of the Dungeon)
Scrolls
 g - a scroll of teleportation {unknown}
 k - a scroll of identify {unknown}
Books
 c - a book of Battle

   Spells                             Type                      Level
   a - Infusion                       Charms                       1
   b - Shroud of Golubria             Charms/Translocation         2
   c - Song of Slaying                Charms                       2
   d - Spectral Weapon                Hexes/Charms                 3
   e - Regeneration                   Charms/Necromancy            3
Comestibles
 d - 4 rations


   Skills:
 + Level 4.7 Fighting
 + Level 1.2 Short Blades
 + Level 1.2 Long Blades
 + Level 4.7 Axes
 + Level 1.2 Maces & Flails
 + Level 1.2 Polearms
 + Level 1.2 Staves
 + Level 1.2 Slings
 + Level 1.2 Bows
 + Level 1.2 Crossbows
 + Level 1.2 Throwing
 + Level 2.8 Armour
 + Level 4.7 Dodging
 + Level 1.2 Stealth
 + Level 1.2 Shields
 + Level 1.2 Unarmed Combat
 + Level 5.1 Spellcasting
 + Level 1.0 Conjurations
 + Level 1.0 Hexes
 + Level 5.5 Charms
 + Level 1.0 Summonings
 + Level 1.0 Necromancy
 + Level 1.0 Translocations
 + Level 1.0 Transmutations
 + Level 1.0 Fire Magic
 + Level 1.0 Ice Magic
 + Level 1.0 Air Magic
 + Level 1.0 Earth Magic
 + Level 1.0 Poison Magic
 + Level 1.3 Invocations
 + Level 1.2 Evocations


You had 2 spell levels left.
You knew the following spells:

 Your Spells              Type           Power        Failure   Level  Hunger
g - Shroud of Golubria    Chrm/Tloc      ##........   8%          2    #......
i - Infusion              Chrm           ###.         1%          1    None
r - Regeneration          Chrm/Necr      ##........   16%         3    ###....
w - Spectral Weapon       Hex/Chrm       ##......     16%         3    ###....
y - Song of Slaying       Chrm           ###.....     3%          2    #......


Dungeon Overview and Level Annotations

Branches:
Dungeon (4/15)
 Temple: D:4-7

Altars:
The Shining One

Annotations:
D:4 Eustachio


Innate Abilities, Weirdness & Mutations

Your experience applies equally to all skills.
You have very sharp teeth.
Your uncanny sense of smell can sniff out nearby items.


Message History

You don't have enough magic to cast that spell.
You slash Eustachio!
Eustachio is lightly wounded.
You hear a shout!
Eustachio gestures wildly while chanting.
Eustachio blinks!
You hear a shout!
You hit Eustachio.
Eustachio is moderately wounded.
Your song is almost over.
Eustachio hits you with a falchion.
* * * LOW HITPOINT WARNING * * *
You slash Eustachio!
Eustachio is heavily wounded.
Eustachio hits you with a falchion.
* * * LOW HITPOINT WARNING * * *
You miss Eustachio. Your bite misses Eustachio.
Eustachio is heavily wounded.
Eustachio misses you.
You closely miss Eustachio. You bite Eustachio.
Eustachio is severely wounded.
You hear a shout!
Eustachio gestures wildly while chanting.
Eustachio blinks!
Casting: Spectral Weapon
Confirm with . or Enter, or press ? or * to list all spells.
You draw out your weapon's spirit!
Eustachio casts a spell.
Eustachio blinks!
An orc priest comes into view. It is wielding a club.
Okay, then.
It was a potion of magic.
Magic courses through your body.
Your song has ended.
Casting: Spectral Weapon
Confirm with . or Enter, or press ? or * to list all spells.
Your skin crawls.
Your magical contamination has completely faded away.
The orc priest invokes the aid of Beogh against you.
Pain shoots through your body!
* * * LOW HITPOINT WARNING * * *
You barely miss the orc priest. Your bite misses the orc priest.
Your skin is crawling a little less now.
Your spectral weapon hits the orc priest.
The orc priest hits you with a club.
* * * LOW HITPOINT WARNING * * *
An orc comes into view. It is wielding a hand axe.
You hit the orc priest.
The orc priest is severely wounded.
Your spectral weapon closely misses the orc priest.
You barely miss the orc. You bite the orc.
The orc is lightly wounded.
Your spectral weapon hits the orc!
You kill the orc!
An orc wizard comes into view. It is wielding a dagger.
You closely miss the orc priest.
The orc priest is severely wounded.
Your spectral weapon hits the orc priest.
You kill the orc priest!
Your Conjurations skill increases to level 1!
Your Hexes skill increases to level 1!
Your Summonings skill increases to level 1!
Your Necromancy skill increases to level 1!
Your Translocations skill increases to level 1!
Your Transmutations skill increases to level 1!
Your Fire Magic skill increases to level 1!
Your Ice Magic skill increases to level 1!
Your Air Magic skill increases to level 1!
Your Earth Magic skill increases to level 1!
Your Poison Magic skill increases to level 1!
Eustachio casts a spell.
Eustachio blinks!
Casting: Regeneration
Confirm with . or Enter, or press ? or * to list all spells.
You start singing a song of slaying. 2 orcs come into view.
You hit the orc wizard but do no damage.
Your bite misses the orc wizard.
Your spectral weapon hits the orc wizard!
The orc moves out of view.
The orc wizard gestures at you while chanting.
The puff of flame hits you!
* * * LOW HITPOINT WARNING * * *
You hit Eustachio.
Eustachio is severely wounded.
You closely miss the orc wizard.
Your skin stops crawling.
Your spectral weapon hits Eustachio!
Your spectral weapon hits the orc wizard.
Eustachio barely misses you.
The orc wizard hits your spectral weapon with a dagger.
Your spectral weapon shares its damage with you!
* * * LOW HITPOINT WARNING * * *
You closely miss Eustachio. You bite Eustachio, but do no damage.
Eustachio is almost dead.
You hit the orc wizard.
Your spectral weapon hits Eustachio.
Your spectral weapon hits the orc wizard.
Eustachio misses your spectral weapon.
The orc wizard gestures at you while chanting.
The puff of frost hits you!
You die...

##..).........
#........!... #
#............
..
#............
#..#..........#
#..........#
##.......###
##..@.###
###@(# ##o#
#oo. #.....
.......#
.##..... ∆.....
.....


You could see Eustachio, an orc wizard, 2 orcs and a friendly spectral hand axe.

Vanquished Creatures
  An orc priest (D:4)
  An orc wizard (D:4)
  2 adders
  A dart slug (D:1)
  2 leopard geckos (D:1)
  3 orcs (D:4)
  A bat (D:1)
  A giant cockroach (D:2)
  2 goblins (D:1)
  4 hobgoblins
  3 jackals (D:4)
  A kobold (D:1)
  A quokka (D:2)
  A ball python (D:1)
  2 rats (D:1)
26 creatures vanquished.

Notes
Turn   | Place    | Note
-------+----------+-------------------------------------------
     0 | D:1      | tidbits the Gnoll Skald began the quest for the Orb.
     0 | D:1      | Reached XP level 1. HP: 20/20 MP: 6/6
    48 | D:1      | Reached XP level 2. HP: 23/26 MP: 2/7
    54 | D:1      | Learned a level 2 spell: Song of Slaying
    57 | D:1      | Learned a level 2 spell: Shroud of Golubria
   265 | D:3      | Reached skill level 5 in Spellcasting
   265 | D:3      | Reached XP level 3. HP: 19/31 MP: 5/9
   270 | D:3      | Learned a level 3 spell: Regeneration
   274 | D:3      | Learned a level 3 spell: Spectral Weapon
   281 | D:3      | Found a glowing golden altar of the Shining One.
   297 | D:4      | Reached skill level 1 in Short Blades
   297 | D:4      | Reached skill level 1 in Long Blades
   297 | D:4      | Reached skill level 1 in Maces & Flails
   297 | D:4      | Reached skill level 1 in Polearms
   297 | D:4      | Reached skill level 1 in Staves
   297 | D:4      | Reached skill level 1 in Slings
   297 | D:4      | Reached skill level 1 in Bows
   297 | D:4      | Reached skill level 1 in Crossbows
   297 | D:4      | Reached skill level 1 in Throwing
   297 | D:4      | Reached skill level 1 in Stealth
   297 | D:4      | Reached skill level 1 in Shields
   297 | D:4      | Reached skill level 1 in Unarmed Combat
   297 | D:4      | Reached skill level 1 in Invocations
   297 | D:4      | Reached skill level 1 in Evocations
   297 | D:4      | Reached XP level 4. HP: 12/38 MP: 1/11
   306 | D:4      | Noticed Eustachio
   323 | D:4      | Reached skill level 1 in Conjurations
   323 | D:4      | Reached skill level 1 in Hexes
   323 | D:4      | Reached skill level 1 in Summonings
   323 | D:4      | Reached skill level 1 in Necromancy
   323 | D:4      | Reached skill level 1 in Translocations
   323 | D:4      | Reached skill level 1 in Transmutations
   323 | D:4      | Reached skill level 1 in Fire Magic
   323 | D:4      | Reached skill level 1 in Ice Magic
   323 | D:4      | Reached skill level 1 in Air Magic
   323 | D:4      | Reached skill level 1 in Earth Magic
   323 | D:4      | Reached skill level 1 in Poison Magic
   327 | D:4      | Killed from afar by an orc wizard

Skill      XL: |  1  2  3  4 |
---------------+-------------+-----
Spellcasting   | 5 |  5.1
Short Blades   | 1 |  1.2
Long Blades    | 1 |  1.2
Maces & Flails | 1 |  1.2
Polearms       | 1 |  1.2
Staves         | 1 |  1.2
Slings         | 1 |  1.2
Bows           | 1 |  1.2
Crossbows      | 1 |  1.2
Throwing       | 1 |  1.2
Stealth        | 1 |  1.2
Shields        | 1 |  1.2
Unarmed Combat | 1 |  1.2
Invocations    | 1 |  1.3
Evocations     | 1 |  1.2
Conjurations   | 1 |  1.0
Hexes          | 1 |  1.0
Summonings     | 1 |  1.0
Necromancy     | 1 |  1.0
Translocations | 1 |  1.0
Transmutations | 1 |  1.0
Fire Magic     | 1 |  1.0
Ice Magic      | 1 |  1.0
Air Magic      | 1 |  1.0
Earth Magic    | 1 |  1.0
Poison Magic   | 1 |  1.0
Fighting       | |  4.7
Axes           | |  4.7
Armour         | |  2.8
Dodging        | |  4.7
Charms         | |  5.5

Action                   |  1- 3 |  4- 6 || total
-------------------------+-------+-------++-------
Melee: Hand axe          |    38 |    13 ||    51
       Bite              |     4 |     3 ||     7
 Cast: Infusion          |     4 |       ||     4
       Song of Slaying   |     3 |     1 ||     4
       Spectral Weapon   |     1 |     1 ||     2
       Regeneration      |       |     1 ||     1
  Use: Potion            |       |     2 ||     2
 Stab: Sleeping          |     1 |       ||     1
Armor: Leather armour    |    13 |       ||    13
Dodge: Dodged            |    32 |     5 ||    37

Table legend:
 A = Turns spent in this place as a percentage of turns spent in the entire game.
 B = Non-inter-level travel turns spent in this place as a percentage of non-inter-level travel turns spent in the entire game.
 C = Inter-level travel turns spent in this place as a percentage of turns spent in this place.
 D = Turns resting spent in this place as a percentage of non-inter-level travel turns spent in this place.
 E = Turns spent auto-exploring this place as a percentage of non-inter-level travel turns spent in this place.
 F = Non-inter-level travel turns spent in this place divided by the number of levels of this place that you've seen.
                   A       B       C       D       E      F
               +-------+-------+-------+-------+-------+----------------------
         Total | 100.0 | 100.0 |   0.0 |   0.0 |   0.0 |  81.8
       Dungeon | 100.0 | 100.0 |   0.0 |   0.0 |   0.0 |  81.8
               +-------+-------+-------+-------+-------+----------------------

Table legend:
 A = Kills in this place as a percentage of kills in entire the game.
 B = Kills by you in this place as a percentage of kills by you in the entire game.
 C = Kills by friends in this place as a percentage of kills by friends in the entire game.
 D = Other kills in this place as a percentage of other kills in the entire game.
 E = Experience gained in this place as a percentage of experience gained in the entire game.
 F = Experience gained in this place divided by the number of levels of this place that you have seen.
                   A       B       C       D       E      F
               +-------+-------+-------+-------+-------+----------------------
         Total | 100.0 | 100.0 |   N/A |   N/A | 100.0 |  38.5
       Dungeon | 100.0 | 100.0 |   N/A |   N/A | 100.0 |  38.5
               +-------+-------+-------+-------+-------+----------------------

Vault maps used:
D:1:      dpeg_arrival_boxorama
D:2:      uniq_jessica, uniq_crazy_yiuf_cottage
D:3:      tso_metal_star
D:4:      minmay_temple_entry_purple_smoke, first_ration, xom_redecorated,
          uniq_menkaure, uniq_edmund, uniq_duvessa, uniq_eustachio, uniq_pikel,
          uniq_blork_the_orc
